PITTSBURGH Penguins vs NEW JERSEY Devils

Created - 9 avril 2024 at 17:30

Goals
1 2 3 T
PITTSBURGH Penguins 3 0 0 3
NEW JERSEY Devils 2 1 2 5
Shots
1 2 3 T
PITTSBURGH Penguins 11 7 12 30
NEW JERSEY Devils 11 13 10 34

1st period

1. NEW JERSEY Devils , Ryan Donato 14 (Kyle Okposo 37, Adam Boqvist 44) at 3:08
2. PITTSBURGH Penguins , Thomas Chabot 14 (Jordan Staal 26, Jordan Kyrou 29) at 7:54 (PP)
3. NEW JERSEY Devils , J.T. Compher 27 (James van Riemsdyk 26, Jon Merrill 26) at 10:05
4. PITTSBURGH Penguins , Jake Guentzel 28 (Gabriel Vilardi 17, Evgeni Malkin 40) at 10:21
5. PITTSBURGH Penguins , Jordan Kyrou 32 (Jason Robertson 41, Nate Schmidt 26) at 15:33

Penalties :
Bowen Byram (NJD) for Cross-checking (Minor) at 7:07

2nd period

6. NEW JERSEY Devils , Andreas Athanasiou 24 (Thomas Novak 9, Adam Boqvist 45) at 9:50

Penalties :
Jason Robertson (PIT) for Elbowing (Minor) at 10:30

3rd period

7. NEW JERSEY Devils , Jack Hughes 43 (James van Riemsdyk 27, J.T. Compher 30) at 9:58
8. NEW JERSEY Devils , Adam Boqvist 8 (Oskar Lindblom 27) at 19:57 (Empty Net)

Penalties :
Brandon Carlo (PIT) for Holding (Minor) at 1:41, Robert Bortuzzo (PIT) for Roughing (Minor) at 12:59

Goalie Stats

Cam Talbot (PIT), 29 saves from 33 shots - (0,879), L, 36-31-3, 58:10 minutes
Jake Allen (NJD), 27 saves from 30 shots - (0,900), W, 27-20-5, 60:00 minutes

Players Stats for PITTSBURGH Penguins

Player Name              G  A  P  +/- PIM S  H  SB GA TA FO     MP     PP MP  PK MP  
------------------------------------------------------------------------------------
Adam Pelech              0  0  0  -5  0   2  0  2  0  0  0/0    24:55   0:47   3:30 
Alexander Volkov         0  0  0  -1  0   0  0  0  0  0  0/0     6:54   0:00   1:24 
Barclay Goodrow          0  0  0  -1  0   0  2  0  0  0  8/17   13:12   0:00   0:30 
Brandon Carlo            0  0  0   2  2   0  6  3  0  0  0/0    20:12   0:00   1:30 
Connor Clifton           0  0  0   0  0   2  2  2  0  0  0/0    14:52   0:00   0:57 
Evgeni Malkin            0  1  1   0  0   2  0  0  0  0  12/27  18:47   0:00   2:46 
Gabriel Vilardi          0  1  1   0  0   1  1  0  0  0  1/1    16:01   0:00   0:00 
Jake Guentzel            1  0  1   0  0   2  1  0  0  0  1/1    17:19   0:00   1:18 
Jason Robertson          0  1  1  -1  2   6  1  1  0  0  1/1    22:13   0:47   2:24 
Jesse Puljujarvi         0  0  0  -1  0   1  4  0  0  0  1/2    12:42   0:00   0:00 
Jordan Kyrou             1  1  2  -1  0   2  1  0  0  0  0/1    19:50   0:47   0:00 
Jordan Staal             0  1  1  -1  0   3  0  0  0  0  21/37  23:22   0:47   3:32 
Nate Schmidt             0  1  1   2  0   0  2  1  0  0  0/0    21:10   0:00   2:27 
Patrik Laine             0  0  0  -1  0   2  0  0  0  0  0/0    12:42   0:00   0:00 
Robert Bortuzzo          0  0  0   0  2   0  0  0  0  0  0/0    13:54   0:00   0:00 
Tanner Pearson           0  0  0  -1  0   0  1  0  0  0  0/0     5:30   0:00   0:00 
Thomas Chabot            1  0  1  -5  0   5  3  0  0  0  0/0    24:55   0:47   3:30 
Yakov Trenin             0  0  0  -1  0   2  0  0  0  0  3/8     5:30   0:00   0:00 

Players Stats for NEW JERSEY Devils

Player Name              G  A  P  +/- PIM S  H  SB GA TA FO     MP     PP MP  PK MP  
------------------------------------------------------------------------------------
Adam Boqvist             1  2  3   5  0   3  1  1  0  0  0/0    26:44   3:15   0:00 
Alexander Petrovic       0  0  0  -1  0   0  2  0  0  0  0/0    11:44   0:00   0:00 
Andreas Athanasiou       1  0  1   1  0   5  1  0  0  0  1/1    17:38   2:07   0:00 
Bowen Byram              0  0  0  -1  2   0  2  1  0  0  0/0    20:44   2:42   0:00 
Chris Wideman            0  0  0  -1  0   0  3  0  0  0  0/0    12:31   0:00   0:47 
Connor Brown             0  0  0   0  0   1  1  0  0  0  0/0     5:27   0:00   0:00 
Gabriel Landeskog        0  0  0   0  0   0  0  0  0  0  0/0     0:00   0:00   0:00 
J.T. Compher             1  1  2   2  0   5  1  1  0  0  5/6    24:30   3:50   0:00 
Jack Hughes              1  0  1   2  0   5  1  2  0  0  11/35  24:39   3:12   0:47 
Jake Bean                0  0  0  -1  0   0  0  3  0  0  0/0    21:32   2:42   0:47 
James van Riemsdyk       0  2  2   2  0   2  0  0  0  0  1/2    24:39   3:12   0:47 
Joel Armia               0  0  0   0  0   0  3  0  0  0  0/0    14:54   0:00   0:00 
Jon Merrill              0  1  1   5  0   1  1  1  0  0  0/0    26:44   3:15   0:00 
Kyle Okposo              0  1  1   0  0   6  2  0  0  0  1/1    14:23   2:45   0:00 
Miles Wood               0  0  0   0  0   0  0  0  0  0  0/0     5:27   0:00   0:00 
Oskar Lindblom           0  1  1   1  0   2  1  1  0  0  1/1    15:00   2:45   0:00 
Ryan Donato              1  0  1   1  0   1  1  0  0  0  9/17   12:15   0:00   0:00 
Thomas Novak             0  1  1   0  0   3  0  0  0  0  18/32  20:21   0:00   0:00 

3 Stars

1 - Adam Boqvist (NJD)
2 - J.T. Compher (NJD)
3 - Jon Merrill (NJD)

Power Play

PITTSBURGH Penguins - 1 on 1 Attempt(s) - 100,00%
NEW JERSEY Devils - 0 on 3 Attempt(s) - 0,00%

Penalty Kill

PITTSBURGH Penguins - 3 on 3 Attempt(s) - 100,00% - Score 0 goal in Penalty Kill
NEW JERSEY Devils - 0 on 1 Attempt(s) - 0,00% - Score 0 goal in Penalty Kill

Team Stat

PITTSBURGH Penguins - Hits : 24 - Faceoff Wins : 48 - Blocked Shots : 9 - Penalty Minutes : 6
NEW JERSEY Devils - Hits : 20 - Faceoff Wins : 47 - Blocked Shots : 10 - Penalty Minutes : 2

Official

Referees : Gord Dwyer and Maria Furberg
Linesman : Tyson Baker and Julien Fournier

Game Notes

Adam Boqvist has scored in a empty net!

Finance

Level 1 -- Attendance: 4932 (70,46%) -- Ticket Income $493,200
Level 2 -- Attendance: 5305 (75,79%) -- Ticket Income $286,470
Level 3 -- Attendance: 2510 (50,20%) -- Ticket Income $52,710
Level 4 -- Attendance: 3810 (76,20%) -- Ticket Income $76,200
Luxury Box -- Attendance: 980 (81,67%) -- Ticket Income $166,600
Game was played at the Prudential Center.
Total Attendance: 17537 (69,59%)
Total Ticket Income: $1,075,180
Other Income: $268,795
Total Income: $1,343,975

PITTSBURGH Penguins

5 vs 5 Forward 
   Center                   Left Wing                Right Wing               Time % Phy DF OF 
 1 Jordan Staal             Jason Robertson          Jordan Kyrou             34     1   1  3  
 2 Evgeni Malkin            Jake Guentzel            Gabriel Vilardi          30     1   1  3  
 3 Barclay Goodrow          Patrik Laine             Jesse Puljujarvi         24     1   1  3  
 4 Yakov Trenin             Tanner Pearson           Alexander Volkov         12     1   3  1  

5 vs 5 Defense 
   Defense                  Defense                                           Time % Phy DF OF 
 1 Adam Pelech              Thomas Chabot                                     38     1   1  3  
 2 Brandon Carlo            Nate Schmidt                                      36     1   3  1  
 3 Connor Clifton           Robert Bortuzzo                                   26     1   4  0  
 4 Adam Pelech              Thomas Chabot                                     0      1   4  0  

PowerPlay Forward 
   Center                   Left Wing                Right Wing               Time % Phy DF OF 
 1 Jordan Staal             Jason Robertson          Jordan Kyrou             65     0   0  5  
 2 Evgeni Malkin            Jake Guentzel            Gabriel Vilardi          35     0   1  4  

PowerPlay Defense
   Defense                  Defense                                           Time % Phy DF OF 
 1 Adam Pelech              Thomas Chabot                                     65     0   0  5  
 2 Brandon Carlo            Nate Schmidt                                      35     0   1  4  

Penalty Kill 4 Players Forward 
   Center                   Wing                     Time % Phy DF OF 
 1 Jordan Staal             Jason Robertson          60     1   4  0  
 2 Evgeni Malkin            Jake Guentzel            40     0   5  0  

Penalty Kill 4 Players Defense
   Defense                  Defense                  Time % Phy DF OF 
 1 Adam Pelech              Thomas Chabot            60     1   4  0  
 2 Brandon Carlo            Nate Schmidt             40     1   4  0  

Penalty Kill - 3 Players Forward 
   Forward                                           Time % Phy DF OF 
 1 Jordan Staal                                      50     0   5  0  
 2 Evgeni Malkin                                     50     0   5  0  

Penalty Kill - 3 Players Defense
   Defense                  Defense                  Time % Phy DF OF 
 1 Adam Pelech              Thomas Chabot            70     1   4  0  
 2 Brandon Carlo            Nate Schmidt             30     1   4  0  

4 vs 4 Forward 
   Center                   Wing                     Time % Phy DF OF 
 1 Jordan Staal             Jason Robertson          60     0   2  3  
 2 Evgeni Malkin            Jake Guentzel            40     0   2  3  

4 vs 4 Defense
   Defense                  Defense                  Time % Phy DF OF 
 1 Adam Pelech              Thomas Chabot            58     1   2  2  
 2 Brandon Carlo            Nate Schmidt             42     1   2  2  

Last Minutes Offensive
   Center                   Left Wing                Right Wing               Defense                  Defense                  
   Jordan Staal             Jason Robertson          Jordan Kyrou             Adam Pelech              Thomas Chabot            

Last Minutes Defensive
   Center                   Left Wing                Right Wing               Defense                  Defense                  
   Jordan Staal             Jason Robertson          Jordan Kyrou             Adam Pelech              Thomas Chabot            

Goaltenders
Starting : Cam Talbot               
Backup : Elvis Merzlikins         

Extra Forwards
Normal : Evgeni Malkin, Patrik Laine, Barclay Goodrow - PP : Evgeni Malkin, Patrik Laine - PK : Evgeni Malkin
Extra Defensemen
Normal : Nate Schmidt, Connor Clifton, Robert Bortuzzo - PP : Nate Schmidt - PK : Nate Schmidt, Connor Clifton
Penalty Shots
Jason Robertson, Jake Guentzel, Jordan Kyrou, Jordan Staal, Evgeni Malkin

Scratches
None

NEW JERSEY Devils

5 vs 5 Forward 
   Center                   Left Wing                Right Wing               Time % Phy DF OF 
 1 Jack Hughes              James van Riemsdyk       J.T. Compher             40     2   1  2  
 2 Thomas Novak             Joel Armia               Andreas Athanasiou       30     1   2  2  
 3 Ryan Donato              Oskar Lindblom           Kyle Okposo              20     2   2  1  
 4 Thomas Novak             Miles Wood               Connor Brown             10     2   1  2  

5 vs 5 Defense 
   Defense                  Defense                                           Time % Phy DF OF 
 1 Jon Merrill              Adam Boqvist                                      40     2   2  1  
 2 Bowen Byram              Jake Bean                                         30     2   2  1  
 3 Chris Wideman            Alexander Petrovic                                20     2   2  1  
 4 Jon Merrill              Adam Boqvist                                      10     1   2  2  

PowerPlay Forward 
   Center                   Left Wing                Right Wing               Time % Phy DF OF 
 1 Jack Hughes              James van Riemsdyk       J.T. Compher             60     1   2  2  
 2 J.T. Compher             Oskar Lindblom           Kyle Okposo              40     1   2  2  

PowerPlay Defense
   Defense                  Defense                                           Time % Phy DF OF 
 1 Jon Merrill              Adam Boqvist                                      60     1   2  2  
 2 Bowen Byram              Jake Bean                                         40     1   2  2  

Penalty Kill 4 Players Forward 
   Center                   Wing                     Time % Phy DF OF 
 1 Jack Hughes              James van Riemsdyk       60     1   2  2  
 2 J.T. Compher             Oskar Lindblom           40     1   2  2  

Penalty Kill 4 Players Defense
   Defense                  Defense                  Time % Phy DF OF 
 1 Jon Merrill              Adam Boqvist             60     1   2  2  
 2 Bowen Byram              Jake Bean                40     1   2  2  

Penalty Kill - 3 Players Forward 
   Forward                                           Time % Phy DF OF 
 1 Jack Hughes                                       60     1   2  2  
 2 J.T. Compher                                      40     1   2  2  

Penalty Kill - 3 Players Defense
   Defense                  Defense                  Time % Phy DF OF 
 1 Jon Merrill              Adam Boqvist             60     1   2  2  
 2 Bowen Byram              Jake Bean                40     1   2  2  

4 vs 4 Forward 
   Center                   Wing                     Time % Phy DF OF 
 1 Jack Hughes              James van Riemsdyk       60     1   2  2  
 2 J.T. Compher             Oskar Lindblom           40     1   2  2  

4 vs 4 Defense
   Defense                  Defense                  Time % Phy DF OF 
 1 Jon Merrill              Adam Boqvist             60     1   2  2  
 2 Bowen Byram              Jake Bean                40     1   2  2  

Last Minutes Offensive
   Center                   Left Wing                Right Wing               Defense                  Defense                  
   Jack Hughes              James van Riemsdyk       J.T. Compher             Jon Merrill              Adam Boqvist             

Last Minutes Defensive
   Center                   Left Wing                Right Wing               Defense                  Defense                  
   Jack Hughes              James van Riemsdyk       J.T. Compher             Jon Merrill              Adam Boqvist             

Goaltenders
Starting : Jake Allen               
Backup : Antti Raanta             

Extra Forwards
Normal : Andreas Athanasiou, Ryan Donato, Oskar Lindblom - PP : Andreas Athanasiou, Ryan Donato - PK : Andreas Athanasiou
Extra Defensemen
Normal : Jake Bean, Chris Wideman, Alexander Petrovic - PP : Jake Bean - PK : Jake Bean, Chris Wideman
Penalty Shots
Jack Hughes, J.T. Compher, Kyle Okposo, James van Riemsdyk, Andreas Athanasiou

Scratches
Mattias Janmark (Healthy), Dustin Tokarski (Healthy)

% Time on Ice - PITTSBURGH Penguins

Lines # - Real PCT - Wanted PCT - Time Play
Normal Forward
1 - 35% - 34% - 18:26
2 - 30% - 30% - 16:01
3 - 24% - 24% - 12:42
4 - 10% - 12% - 5:30
Normal Defense
1 - 38% - 38% - 20:01
2 - 36% - 36% - 18:43
3 - 26% - 26% - 13:55
4 - 0% - 0% - 0:00
PP Forward
1 - 100% - 65% - 0:47
2 - 0% - 35% - 0:00
PP Defense
1 - 100% - 65% - 0:47
2 - 0% - 35% - 0:00
PK Forward
1 - 78% - 60% - 4:39
2 - 22% - 40% - 1:18
PK Defense
1 - 59% - 60% - 3:30
2 - 41% - 40% - 2:27
PK3 Forward
1 - 0% - 50%
2 - 0% - 50%
PK3 Defense
1 - 0% - 70%
2 - 0% - 30%
44 Forward
1 - 0% - 60%
2 - 0% - 40%
44 Defense
1 - 0% - 58%
2 - 0% - 42%
Last Minute Offensive  - 0:37
Last Minute Defensive  - 0:00
Total
Forward - 60:00
Defense - 60:00

% Time on Ice - NEW JERSEY Devils

Lines # - Real PCT - Wanted PCT - Time Play
Normal Forward
1 - 39% - 40% - 20:40
2 - 28% - 30% - 14:54
3 - 22% - 20% - 11:38
4 - 10% - 10% - 5:27
Normal Defense
1 - 38% - 40% - 19:51
2 - 34% - 30% - 18:03
3 - 22% - 20% - 11:44
4 - 6% - 10% - 3:01
PP Forward
1 - 54% - 60% - 3:12
2 - 46% - 40% - 2:45
PP Defense
1 - 55% - 60% - 3:15
2 - 45% - 40% - 2:42
PK Forward
1 - 100% - 60% - 0:47
2 - 0% - 40% - 0:00
PK Defense
1 - 0% - 60% - 0:00
2 - 100% - 40% - 0:47
PK3 Forward
1 - 0% - 60%
2 - 0% - 40%
PK3 Defense
1 - 0% - 60%
2 - 0% - 40%
44 Forward
1 - 0% - 60%
2 - 0% - 40%
44 Defense
1 - 0% - 60%
2 - 0% - 40%
Last Minute Offensive  - 0:00
Last Minute Defensive  - 0:37
Total
Forward - 60:00
Defense - 60:00

Play-by-Play

1st period


0:01 of 1st period - Jack Hughes wins face-off versus Jordan Staal in neutral zone.
0:16 of 1st period - Shot by Thomas Chabot.
0:16 of 1st period - Shot Misses the Net.
0:18 of 1st period - Shot by Adam Pelech.
0:18 of 1st period - Shot Blocked by Jon Merrill.
0:20 of 1st period - Shot by Adam Pelech.
0:20 of 1st period - Shot Misses the Net.
0:22 of 1st period - Shot by Jordan Staal.
0:22 of 1st period - Shot Blocked by J.T. Compher.
0:24 of 1st period - Shot by Jason Robertson.
0:24 of 1st period - Shot Misses the Net.
0:54 of 1st period - Shot by Jake Guentzel.
0:54 of 1st period - Stopped by Jake Allen without a rebound.
0:55 of 1st period - Jesse Puljujarvi wins face-off versus Thomas Novak in NEW JERSEY Devils zone.
1:11 of 1st period - Icing by Joel Armia.
1:12 of 1st period - Thomas Novak wins face-off versus Evgeni Malkin in NEW JERSEY Devils zone.
1:32 of 1st period - Thomas Novak is hit by Brandon Carlo and loses puck.
2:07 of 1st period - Shot by Kyle Okposo.
2:07 of 1st period - Shot Blocked by Brandon Carlo.
2:09 of 1st period - Shot by Oskar Lindblom.
2:09 of 1st period - Shot Misses the Net.
2:11 of 1st period - Shot by Kyle Okposo.
2:11 of 1st period - Shot Misses the Net.
2:13 of 1st period - Shot by Oskar Lindblom.
2:13 of 1st period - Shot Misses the Net.
2:15 of 1st period - Shot by Kyle Okposo.
2:15 of 1st period - Shot Misses the Net.
2:20 of 1st period - Oskar Lindblom is hit by Brandon Carlo.
2:24 of 1st period - Shot by Kyle Okposo.
2:24 of 1st period - Stopped by Cam Talbot without a rebound.
2:25 of 1st period - Barclay Goodrow wins face-off versus Jack Hughes in PITTSBURGH Penguins zone.
2:41 of 1st period - Icing by Robert Bortuzzo.
2:42 of 1st period - Barclay Goodrow wins face-off versus Thomas Novak in PITTSBURGH Penguins zone.
2:44 of 1st period - Patrik Laine is hit by Connor Brown.
2:54 of 1st period - Shot by Patrik Laine.
2:54 of 1st period - Stopped by Jake Allen without a rebound.
2:55 of 1st period - Yakov Trenin wins face-off versus Ryan Donato in NEW JERSEY Devils zone.
3:06 of 1st period - Shot by Kyle Okposo.
3:06 of 1st period - Stopped by Cam Talbot with a rebound.
3:08 of 1st period - Shot by Ryan Donato.
3:08 of 1st period - Goal by Ryan Donato - PITTSBURGH Penguins : 0 - NEW JERSEY Devils : 1.
3:09 of 1st period - Thomas Novak wins face-off versus Jordan Staal in neutral zone.
3:49 of 1st period - Shot by Jordan Kyrou.
3:49 of 1st period - Shot Misses the Net.
4:31 of 1st period - Shot by Jack Hughes.
4:31 of 1st period - Shot Blocked by Connor Clifton.
4:33 of 1st period - Shot by James van Riemsdyk.
4:33 of 1st period - Stopped by Cam Talbot without a rebound.
4:34 of 1st period - Ryan Donato wins face-off versus Yakov Trenin in PITTSBURGH Penguins zone.
4:43 of 1st period - Shot by Ryan Donato.
4:43 of 1st period - Shot Misses the Net.
5:00 of 1st period - Tanner Pearson is hit by Chris Wideman and loses puck.
5:31 of 1st period - Brandon Carlo is hit by Kyle Okposo.
5:50 of 1st period - Icing by Brandon Carlo.
5:51 of 1st period - Barclay Goodrow wins face-off versus Thomas Novak in PITTSBURGH Penguins zone.
6:13 of 1st period - Adam Boqvist is hit by Brandon Carlo.
6:39 of 1st period - Icing by Thomas Novak.
6:40 of 1st period - Evgeni Malkin wins face-off versus Thomas Novak in NEW JERSEY Devils zone.
6:48 of 1st period - Icing by Adam Boqvist.
6:49 of 1st period - Thomas Novak wins face-off versus Evgeni Malkin in NEW JERSEY Devils zone.
7:07 of 1st period - Minor Penalty to Bowen Byram for Cross-checking.
7:08 of 1st period - Jordan Staal wins face-off versus Jack Hughes in NEW JERSEY Devils zone.
7:11 of 1st period - Shot by Jason Robertson.
7:11 of 1st period - Stopped by Jake Allen without a rebound.
7:12 of 1st period - Jordan Staal wins face-off versus Jack Hughes in NEW JERSEY Devils zone.
7:12 of 1st period - Jordan Staal is hit by Chris Wideman.
7:28 of 1st period - Shot by Jordan Staal.
7:28 of 1st period - Deflect By Jason Robertson.
7:28 of 1st period - Shot Blocked by Jake Bean.
7:54 of 1st period - Shot by Thomas Chabot.
7:54 of 1st period - Goal by Thomas Chabot - PITTSBURGH Penguins : 1 - NEW JERSEY Devils : 1.
7:55 of 1st period - Evgeni Malkin wins face-off versus Thomas Novak in neutral zone.
7:55 of 1st period - Jake Guentzel is hit by Joel Armia and loses puck.
8:06 of 1st period - Shot by Andreas Athanasiou.
8:06 of 1st period - Stopped by Cam Talbot with a rebound.
8:08 of 1st period - Shot by Andreas Athanasiou.
8:08 of 1st period - Stopped by Cam Talbot with a rebound.
8:10 of 1st period - Shot by Jon Merrill.
8:10 of 1st period - Shot Misses the Net.
8:18 of 1st period - Shot by Thomas Novak.
8:18 of 1st period - Stopped by Cam Talbot with a rebound.
8:20 of 1st period - Shot by Andreas Athanasiou.
8:20 of 1st period - Shot Blocked by Brandon Carlo.
8:22 of 1st period - Shot by Joel Armia.
8:22 of 1st period - Shot Misses the Net.
8:24 of 1st period - Shot by Adam Boqvist.
8:24 of 1st period - Stopped by Cam Talbot without a rebound.
8:25 of 1st period - Barclay Goodrow wins face-off versus Ryan Donato in PITTSBURGH Penguins zone.
10:05 of 1st period - Shot by J.T. Compher.
10:05 of 1st period - Goal by J.T. Compher - PITTSBURGH Penguins : 1 - NEW JERSEY Devils : 2.
10:06 of 1st period - Evgeni Malkin wins face-off versus Thomas Novak in neutral zone.
10:21 of 1st period - Shot by Jake Guentzel.
10:21 of 1st period - Goal by Jake Guentzel - PITTSBURGH Penguins : 2 - NEW JERSEY Devils : 2.
10:22 of 1st period - J.T. Compher wins face-off versus Yakov Trenin in neutral zone.
10:29 of 1st period - Shot by Jack Hughes.
10:29 of 1st period - Stopped by Cam Talbot without a rebound.
10:30 of 1st period - Jack Hughes wins face-off versus Evgeni Malkin in PITTSBURGH Penguins zone.
10:36 of 1st period - Jack Hughes is hit by Nate Schmidt and loses puck.
10:51 of 1st period - Jack Hughes is hit by Brandon Carlo and loses puck.
11:07 of 1st period - Icing by Jon Merrill.
11:08 of 1st period - Jordan Staal wins face-off versus Jack Hughes in NEW JERSEY Devils zone.
11:14 of 1st period - Icing by Jon Merrill.
11:15 of 1st period - Jordan Staal wins face-off versus Jack Hughes in NEW JERSEY Devils zone.
11:18 of 1st period - Shot by Jason Robertson.
11:18 of 1st period - Stopped by Jake Allen without a rebound.
11:19 of 1st period - Thomas Novak wins face-off versus Jordan Staal in NEW JERSEY Devils zone.
12:25 of 1st period - Icing by Adam Pelech.
12:26 of 1st period - Ryan Donato wins face-off versus Jordan Staal in PITTSBURGH Penguins zone.
13:57 of 1st period - Shot by Jack Hughes.
13:57 of 1st period - Stopped by Cam Talbot without a rebound.
13:58 of 1st period - Barclay Goodrow wins face-off versus Thomas Novak in PITTSBURGH Penguins zone.
14:07 of 1st period - Shot by Connor Clifton.
14:07 of 1st period - Stopped by Jake Allen without a rebound.
14:08 of 1st period - Thomas Novak wins face-off versus Barclay Goodrow in NEW JERSEY Devils zone.
14:13 of 1st period - Connor Brown is hit by Barclay Goodrow and loses puck.
14:31 of 1st period - Barclay Goodrow is hit by Alexander Petrovic and loses puck.
14:40 of 1st period - Shot by Thomas Chabot.
14:40 of 1st period - Stopped by Jake Allen without a rebound.
14:41 of 1st period - Jordan Staal wins face-off versus Jack Hughes in NEW JERSEY Devils zone.
14:55 of 1st period - Icing by Jordan Kyrou.
14:56 of 1st period - Jordan Staal wins face-off versus Ryan Donato in PITTSBURGH Penguins zone.
15:00 of 1st period - Brandon Carlo is hit by Bowen Byram and loses puck.
15:31 of 1st period - Shot by Jordan Kyrou.
15:31 of 1st period - Shot Misses the Net.
15:33 of 1st period - Shot by Jordan Kyrou.
15:33 of 1st period - Goal by Jordan Kyrou - PITTSBURGH Penguins : 3 - NEW JERSEY Devils : 2.
15:34 of 1st period - Evgeni Malkin wins face-off versus Jack Hughes in neutral zone.
15:34 of 1st period - Adam Pelech is hit by J.T. Compher and loses puck.
16:01 of 1st period - Shot by Thomas Chabot.
16:01 of 1st period - Stopped by Jake Allen without a rebound.
16:02 of 1st period - Thomas Novak wins face-off versus Yakov Trenin in NEW JERSEY Devils zone.
16:44 of 1st period - Shot by Yakov Trenin.
16:44 of 1st period - Stopped by Jake Allen without a rebound.
16:45 of 1st period - Jack Hughes wins face-off versus Barclay Goodrow in NEW JERSEY Devils zone.
18:45 of 1st period - Icing by Adam Boqvist.
18:46 of 1st period - Jack Hughes wins face-off versus Yakov Trenin in NEW JERSEY Devils zone.
18:46 of 1st period - Jack Hughes is hit by Tanner Pearson.
18:57 of 1st period - Icing by Adam Boqvist.
18:58 of 1st period - Jason Robertson wins face-off versus Jack Hughes in NEW JERSEY Devils zone.
19:25 of 1st period - Shot by Jason Robertson.
19:25 of 1st period - Shot Misses the Net.
19:48 of 1st period - Icing by Connor Clifton.
19:49 of 1st period - Thomas Novak wins face-off versus Jordan Staal in PITTSBURGH Penguins zone.
19:49 of 1st period - Jake Bean is hit by Connor Clifton.
Goals for this period are 3 for PITTSBURGH Penguins vs 2 for NEW JERSEY Devils.
Shots for this period are 11 for PITTSBURGH Penguins vs 11 for NEW JERSEY Devils.

2nd period


0:01 of 2nd period - Thomas Novak wins face-off versus Barclay Goodrow in neutral zone.
0:04 of 2nd period - Patrik Laine is hit by Joel Armia and loses puck.
0:58 of 2nd period - Shot by James van Riemsdyk.
0:58 of 2nd period - Shot Misses the Net.
1:00 of 2nd period - Shot by James van Riemsdyk.
1:00 of 2nd period - Stopped by Cam Talbot without a rebound.
1:01 of 2nd period - Jack Hughes wins face-off versus Evgeni Malkin in PITTSBURGH Penguins zone.
1:01 of 2nd period - J.T. Compher is hit by Nate Schmidt.
1:08 of 2nd period - Icing by Brandon Carlo.
1:09 of 2nd period - J.T. Compher wins face-off versus Evgeni Malkin in PITTSBURGH Penguins zone.
1:09 of 2nd period - Jack Hughes is hit by Brandon Carlo.
1:17 of 2nd period - Shot by Bowen Byram.
1:17 of 2nd period - Shot Blocked by Nate Schmidt.
1:19 of 2nd period - Shot by J.T. Compher.
1:19 of 2nd period - Shot Blocked by Brandon Carlo.
1:21 of 2nd period - Shot by J.T. Compher.
1:21 of 2nd period - Shot Misses the Net.
1:23 of 2nd period - Shot by J.T. Compher.
1:23 of 2nd period - Stopped by Cam Talbot without a rebound.
1:24 of 2nd period - Ryan Donato wins face-off versus Jordan Staal in PITTSBURGH Penguins zone.
1:27 of 2nd period - Shot by Oskar Lindblom.
1:27 of 2nd period - Shot Hit the Post.
1:35 of 2nd period - Shot by Oskar Lindblom.
1:35 of 2nd period - Shot Hit the Post.
1:39 of 2nd period - Shot by Oskar Lindblom.
1:39 of 2nd period - Stopped by Cam Talbot without a rebound.
1:40 of 2nd period - Evgeni Malkin wins face-off versus Thomas Novak in PITTSBURGH Penguins zone.
1:42 of 2nd period - Jake Guentzel is hit by Joel Armia and loses puck.
2:06 of 2nd period - Shot by Joel Armia.
2:06 of 2nd period - Shot Misses the Net.
2:25 of 2nd period - Bowen Byram is hit by Gabriel Vilardi and loses puck.
4:13 of 2nd period - Ryan Donato is hit by Jesse Puljujarvi and loses puck.
4:18 of 2nd period - Shot by Patrik Laine.
4:18 of 2nd period - Stopped by Jake Allen without a rebound.
4:19 of 2nd period - Thomas Novak wins face-off versus Evgeni Malkin in NEW JERSEY Devils zone.
4:37 of 2nd period - Icing by Nate Schmidt.
4:38 of 2nd period - Evgeni Malkin wins face-off versus Jack Hughes in PITTSBURGH Penguins zone.
5:00 of 2nd period - Shot by Jake Guentzel.
5:00 of 2nd period - Shot Misses the Net.
5:58 of 2nd period - Shot by Andreas Athanasiou.
5:58 of 2nd period - Stopped by Cam Talbot without a rebound.
5:59 of 2nd period - Ryan Donato wins face-off versus Jordan Kyrou in PITTSBURGH Penguins zone.
6:08 of 2nd period - Shot by Jordan Kyrou.
6:08 of 2nd period - Shot Misses the Net.
6:10 of 2nd period - Shot by Adam Pelech.
6:10 of 2nd period - Stopped by Jake Allen without a rebound.
6:11 of 2nd period - Thomas Novak wins face-off versus Jesse Puljujarvi in NEW JERSEY Devils zone.
6:35 of 2nd period - Shot by Adam Pelech.
6:35 of 2nd period - Shot Misses the Net.
6:49 of 2nd period - Shot by Jesse Puljujarvi.
6:49 of 2nd period - Shot Misses the Net.
6:51 of 2nd period - Shot by Patrik Laine.
6:51 of 2nd period - Shot Hit the Post.
6:55 of 2nd period - Shot by Patrik Laine.
6:55 of 2nd period - Shot Misses the Net.
7:11 of 2nd period - Shot by Jason Robertson.
7:11 of 2nd period - Stopped by Jake Allen without a rebound.
7:12 of 2nd period - J.T. Compher wins face-off versus Yakov Trenin in NEW JERSEY Devils zone.
8:12 of 2nd period - Icing by J.T. Compher.
8:13 of 2nd period - Jack Hughes wins face-off versus Jordan Staal in NEW JERSEY Devils zone.
8:27 of 2nd period - Icing by Jason Robertson.
8:28 of 2nd period - Thomas Novak wins face-off versus Jordan Staal in PITTSBURGH Penguins zone.
8:43 of 2nd period - Shot by Jordan Staal.
8:43 of 2nd period - Deflect By Jason Robertson.
8:43 of 2nd period - Shot Misses the Net.
8:51 of 2nd period - Shot by Jordan Staal.
8:51 of 2nd period - Stopped by Jake Allen without a rebound.
8:52 of 2nd period - Evgeni Malkin wins face-off versus Ryan Donato in NEW JERSEY Devils zone.
8:57 of 2nd period - Shot by Evgeni Malkin.
8:57 of 2nd period - Stopped by Jake Allen without a rebound.
8:58 of 2nd period - Ryan Donato wins face-off versus Evgeni Malkin in NEW JERSEY Devils zone.
9:05 of 2nd period - Shot by Kyle Okposo.
9:05 of 2nd period - Deflect By Oskar Lindblom.
9:05 of 2nd period - Stopped by Cam Talbot without a rebound.
9:06 of 2nd period - Evgeni Malkin wins face-off versus Thomas Novak in PITTSBURGH Penguins zone.
9:10 of 2nd period - Icing by Jake Guentzel.
9:11 of 2nd period - Jake Guentzel wins face-off versus Thomas Novak in PITTSBURGH Penguins zone.
9:22 of 2nd period - Shot by Jake Guentzel.
9:22 of 2nd period - Deflect By Evgeni Malkin.
9:22 of 2nd period - Shot Misses the Net.
9:50 of 2nd period - Shot by Andreas Athanasiou.
9:50 of 2nd period - Goal by Andreas Athanasiou - PITTSBURGH Penguins : 3 - NEW JERSEY Devils : 3.
9:51 of 2nd period - Jordan Staal wins face-off versus Jack Hughes in neutral zone.
10:30 of 2nd period - Minor Penalty to Jason Robertson for Elbowing.
10:31 of 2nd period - J.T. Compher wins face-off versus Jordan Staal in PITTSBURGH Penguins zone.
10:34 of 2nd period - Shot by Adam Boqvist.
10:34 of 2nd period - Shot Misses the Net.
10:36 of 2nd period - Shot by Kyle Okposo.
10:36 of 2nd period - Shot Blocked by Adam Pelech.
10:38 of 2nd period - Shot by Kyle Okposo.
10:38 of 2nd period - Shot Misses the Net.
10:40 of 2nd period - Shot by J.T. Compher.
10:40 of 2nd period - Shot Misses the Net.
10:42 of 2nd period - Shot by Jon Merrill.
10:42 of 2nd period - Stopped by Cam Talbot without a rebound.
10:43 of 2nd period - Jordan Staal wins face-off versus J.T. Compher in PITTSBURGH Penguins zone.
11:41 of 2nd period - Shot by Jack Hughes.
11:41 of 2nd period - Stopped by Cam Talbot without a rebound.
11:42 of 2nd period - Jordan Staal wins face-off versus Jack Hughes in PITTSBURGH Penguins zone.
11:52 of 2nd period - Off-side.
11:53 of 2nd period - Jordan Staal wins face-off versus Jack Hughes in neutral zone.
12:04 of 2nd period - Shot by Evgeni Malkin.
12:04 of 2nd period - Stopped by Jake Allen without a rebound.
12:05 of 2nd period - Jordan Staal wins face-off versus Jack Hughes in NEW JERSEY Devils zone.
12:31 of 2nd period - Jack Hughes is hit by Brandon Carlo and loses puck.
12:41 of 2nd period - Thomas Novak is hit by Jesse Puljujarvi.
13:02 of 2nd period - Andreas Athanasiou is hit by Jesse Puljujarvi and loses puck.
13:12 of 2nd period - Off-side.
13:13 of 2nd period - Ryan Donato wins face-off versus Jordan Staal in neutral zone.
13:16 of 2nd period - Shot by Kyle Okposo.
13:16 of 2nd period - Stopped by Cam Talbot with a rebound.
13:30 of 2nd period - Shot by Jordan Kyrou.
13:30 of 2nd period - Deflect By Jason Robertson.
13:30 of 2nd period - Stopped by Jake Allen with a rebound.
14:23 of 2nd period - Shot by J.T. Compher.
14:23 of 2nd period - Stopped by Cam Talbot without a rebound.
14:24 of 2nd period - Thomas Novak wins face-off versus Barclay Goodrow in PITTSBURGH Penguins zone.
14:55 of 2nd period - Shot by Thomas Novak.
14:55 of 2nd period - Stopped by Cam Talbot without a rebound.
14:56 of 2nd period - Jack Hughes wins face-off versus Evgeni Malkin in PITTSBURGH Penguins zone.
15:13 of 2nd period - Shot by Evgeni Malkin.
15:13 of 2nd period - Shot Misses the Net.
15:17 of 2nd period - Shot by Evgeni Malkin.
15:17 of 2nd period - Shot Misses the Net.
15:46 of 2nd period - Icing by Bowen Byram.
15:47 of 2nd period - Jordan Staal wins face-off versus Jack Hughes in NEW JERSEY Devils zone.
16:00 of 2nd period - Shot by Jordan Staal.
16:00 of 2nd period - Shot Blocked by Jack Hughes.
16:02 of 2nd period - Shot by Adam Pelech.
16:02 of 2nd period - Deflect By Jordan Staal.
16:02 of 2nd period - Shot Blocked by Jake Bean.
16:16 of 2nd period - J.T. Compher is hit by Jordan Kyrou and loses puck.
16:47 of 2nd period - Jon Merrill is hit by Barclay Goodrow.
16:50 of 2nd period - Off-side.
16:51 of 2nd period - Evgeni Malkin wins face-off versus Ryan Donato in neutral zone.
17:16 of 2nd period - Gabriel Vilardi is hit by Chris Wideman and loses puck.
18:10 of 2nd period - Shot by Barclay Goodrow.
18:10 of 2nd period - Shot Misses the Net.
18:41 of 2nd period - Icing by Jason Robertson.
18:42 of 2nd period - Jack Hughes wins face-off versus Jordan Staal in PITTSBURGH Penguins zone.
18:56 of 2nd period - Jason Robertson is hit by Bowen Byram.
19:06 of 2nd period - Shot by J.T. Compher.
19:06 of 2nd period - Stopped by Cam Talbot without a rebound.
19:07 of 2nd period - Ryan Donato wins face-off versus Evgeni Malkin in PITTSBURGH Penguins zone.
19:16 of 2nd period - Shot by Oskar Lindblom.
19:16 of 2nd period - Shot Blocked by Connor Clifton.
19:18 of 2nd period - Shot by Kyle Okposo.
19:18 of 2nd period - Stopped by Cam Talbot without a rebound.
19:19 of 2nd period - Yakov Trenin wins face-off versus Thomas Novak in PITTSBURGH Penguins zone.
19:40 of 2nd period - Shot by Tanner Pearson.
19:40 of 2nd period - Shot Misses the Net.
Goals for this period are 0 for PITTSBURGH Penguins vs 1 for NEW JERSEY Devils.
Shots for this period are 7 for PITTSBURGH Penguins vs 13 for NEW JERSEY Devils.

3rd period


0:01 of 3rd period - Jordan Staal wins face-off versus Jack Hughes in neutral zone.
0:29 of 3rd period - Shot by Jason Robertson.
0:29 of 3rd period - Stopped by Jake Allen without a rebound.
0:30 of 3rd period - Thomas Novak wins face-off versus Evgeni Malkin in NEW JERSEY Devils zone.
0:48 of 3rd period - Icing by Jake Bean.
0:49 of 3rd period - Thomas Novak wins face-off versus Barclay Goodrow in NEW JERSEY Devils zone.
0:53 of 3rd period - Icing by Andreas Athanasiou.
0:54 of 3rd period - Thomas Novak wins face-off versus Evgeni Malkin in NEW JERSEY Devils zone.
1:15 of 3rd period - Shot by Thomas Chabot.
1:15 of 3rd period - Stopped by Jake Allen without a rebound.
1:16 of 3rd period - Jordan Staal wins face-off versus Jack Hughes in NEW JERSEY Devils zone.
1:16 of 3rd period - Jordan Staal is hit by Jon Merrill.
1:24 of 3rd period - Shot by Jordan Staal.
1:24 of 3rd period - Shot Blocked by Adam Boqvist.
1:41 of 3rd period - Minor Penalty to Brandon Carlo for Holding.
1:42 of 3rd period - J.T. Compher wins face-off versus Jordan Staal in PITTSBURGH Penguins zone.
1:51 of 3rd period - Shot by Kyle Okposo.
1:51 of 3rd period - Stopped by Cam Talbot without a rebound.
1:52 of 3rd period - Jordan Staal wins face-off versus Jack Hughes in PITTSBURGH Penguins zone.
2:31 of 3rd period - Shot by Jack Hughes.
2:31 of 3rd period - Shot Blocked by Jason Robertson.
3:17 of 3rd period - Shot by Andreas Athanasiou.
3:17 of 3rd period - Shot Misses the Net.
3:19 of 3rd period - Shot by Andreas Athanasiou.
3:19 of 3rd period - Stopped by Cam Talbot without a rebound.
3:20 of 3rd period - Jordan Staal wins face-off versus Jack Hughes in PITTSBURGH Penguins zone.
3:41 of 3rd period - Shot by J.T. Compher.
3:41 of 3rd period - Stopped by Cam Talbot with a rebound.
3:47 of 3rd period - Shot by Jesse Puljujarvi.
3:47 of 3rd period - Stopped by Jake Allen without a rebound.
3:48 of 3rd period - Thomas Novak wins face-off versus Evgeni Malkin in NEW JERSEY Devils zone.
3:48 of 3rd period - Thomas Novak is hit by Jake Guentzel.
4:15 of 3rd period - Miles Wood is hit by Thomas Chabot and loses puck.
4:28 of 3rd period - Shot by Gabriel Vilardi.
4:28 of 3rd period - Shot Misses the Net.
4:48 of 3rd period - Shot by Ryan Donato.
4:48 of 3rd period - Deflect By Kyle Okposo.
4:48 of 3rd period - Stopped by Cam Talbot without a rebound.
4:49 of 3rd period - Jack Hughes wins face-off versus Barclay Goodrow in PITTSBURGH Penguins zone.
4:53 of 3rd period - Icing by Robert Bortuzzo.
4:54 of 3rd period - Barclay Goodrow wins face-off versus Jack Hughes in PITTSBURGH Penguins zone.
6:01 of 3rd period - Jordan Staal is hit by Andreas Athanasiou and loses puck.
6:16 of 3rd period - Shot by Jordan Kyrou.
6:16 of 3rd period - Shot Blocked by Jake Bean.
6:34 of 3rd period - Shot by Jordan Kyrou.
6:34 of 3rd period - Deflect By Jason Robertson.
6:34 of 3rd period - Stopped by Jake Allen without a rebound.
6:35 of 3rd period - Oskar Lindblom wins face-off versus Evgeni Malkin in NEW JERSEY Devils zone.
7:10 of 3rd period - Shot by Gabriel Vilardi.
7:10 of 3rd period - Stopped by Jake Allen without a rebound.
7:11 of 3rd period - Yakov Trenin wins face-off versus Jack Hughes in NEW JERSEY Devils zone.
7:28 of 3rd period - Shot by Yakov Trenin.
7:28 of 3rd period - Stopped by Jake Allen with a rebound.
7:30 of 3rd period - Shot by Connor Clifton.
7:30 of 3rd period - Stopped by Jake Allen without a rebound.
7:31 of 3rd period - Thomas Novak wins face-off versus Jordan Staal in NEW JERSEY Devils zone.
7:31 of 3rd period - Thomas Novak is hit by Jason Robertson.
7:43 of 3rd period - Shot by Thomas Novak.
7:43 of 3rd period - Stopped by Cam Talbot without a rebound.
7:44 of 3rd period - Jack Hughes wins face-off versus Barclay Goodrow in PITTSBURGH Penguins zone.
7:44 of 3rd period - Jon Merrill is hit by Thomas Chabot.
7:46 of 3rd period - Shot by Jack Hughes.
7:46 of 3rd period - Shot Misses the Net.
7:54 of 3rd period - Shot by Jack Hughes.
7:54 of 3rd period - Deflect By James van Riemsdyk.
7:54 of 3rd period - Shot Misses the Net.
7:56 of 3rd period - Shot by Adam Boqvist.
7:56 of 3rd period - Stopped by Cam Talbot without a rebound.
7:57 of 3rd period - Jordan Staal wins face-off versus Thomas Novak in PITTSBURGH Penguins zone.
8:15 of 3rd period - Shot by Jordan Kyrou.
8:15 of 3rd period - Stopped by Jake Allen without a rebound.
8:16 of 3rd period - Evgeni Malkin wins face-off versus Jack Hughes in NEW JERSEY Devils zone.
8:16 of 3rd period - Jake Guentzel is hit by Adam Boqvist and loses puck.
8:34 of 3rd period - Shot by Jack Hughes.
8:34 of 3rd period - Shot Blocked by Adam Pelech.
8:36 of 3rd period - Shot by James van Riemsdyk.
8:36 of 3rd period - Deflect By Jack Hughes.
8:36 of 3rd period - Stopped by Cam Talbot without a rebound.
8:37 of 3rd period - Jordan Staal wins face-off versus Thomas Novak in PITTSBURGH Penguins zone.
9:56 of 3rd period - Shot by Jack Hughes.
9:56 of 3rd period - Shot Misses the Net.
9:58 of 3rd period - Shot by Jack Hughes.
9:58 of 3rd period - Goal by Jack Hughes - PITTSBURGH Penguins : 3 - NEW JERSEY Devils : 4.
9:59 of 3rd period - Ryan Donato wins face-off versus Evgeni Malkin in neutral zone.
10:29 of 3rd period - Icing by Ryan Donato.
10:30 of 3rd period - Barclay Goodrow wins face-off versus Ryan Donato in NEW JERSEY Devils zone.
10:31 of 3rd period - Shot by Thomas Chabot.
10:31 of 3rd period - Stopped by Jake Allen without a rebound.
10:32 of 3rd period - James van Riemsdyk wins face-off versus Barclay Goodrow in NEW JERSEY Devils zone.
10:32 of 3rd period - Jack Hughes is hit by Jesse Puljujarvi and loses puck.
11:48 of 3rd period - Shot by Thomas Novak.
11:48 of 3rd period - Shot Misses the Net.
12:15 of 3rd period - Shot by Jason Robertson.
12:15 of 3rd period - Deflect By Jordan Staal.
12:15 of 3rd period - Stopped by Jake Allen without a rebound.
12:16 of 3rd period - Evgeni Malkin wins face-off versus Ryan Donato in NEW JERSEY Devils zone.
12:17 of 3rd period - Shot by Jake Guentzel.
12:17 of 3rd period - Shot Blocked by Oskar Lindblom.
12:20 of 3rd period - Icing by Chris Wideman.
12:21 of 3rd period - Kyle Okposo wins face-off versus Evgeni Malkin in NEW JERSEY Devils zone.
12:30 of 3rd period - Jake Guentzel is hit by Kyle Okposo and loses puck.
12:47 of 3rd period - Evgeni Malkin is hit by Alexander Petrovic and loses puck.
12:58 of 3rd period - Oskar Lindblom is hit by Connor Clifton and loses puck.
12:59 of 3rd period - Minor Penalty to Robert Bortuzzo for Roughing.
13:00 of 3rd period - Jack Hughes wins face-off versus Jordan Staal in PITTSBURGH Penguins zone.
14:16 of 3rd period - Shot by Kyle Okposo.
14:16 of 3rd period - Shot Misses the Net.
14:51 of 3rd period - Jack Hughes is hit by Thomas Chabot and loses puck.
15:13 of 3rd period - Icing by Alexander Petrovic.
15:14 of 3rd period - Barclay Goodrow wins face-off versus Thomas Novak in NEW JERSEY Devils zone.
15:43 of 3rd period - Shot by Patrik Laine.
15:43 of 3rd period - Shot Misses the Net.
15:51 of 3rd period - Shot by Connor Brown.
15:51 of 3rd period - Stopped by Cam Talbot without a rebound.
15:52 of 3rd period - Jordan Staal wins face-off versus Jack Hughes in PITTSBURGH Penguins zone.
15:58 of 3rd period - Icing by Jake Bean.
15:59 of 3rd period - Jordan Staal wins face-off versus Jack Hughes in NEW JERSEY Devils zone.
16:06 of 3rd period - Shot by Jordan Staal.
16:06 of 3rd period - Shot Blocked by Jack Hughes.
16:08 of 3rd period - Shot by Jordan Kyrou.
16:08 of 3rd period - Shot Misses the Net.
16:16 of 3rd period - Shot by Jordan Staal.
16:16 of 3rd period - Shot Blocked by Bowen Byram.
16:18 of 3rd period - Shot by Jordan Kyrou.
16:18 of 3rd period - Shot Misses the Net.
16:20 of 3rd period - Shot by Adam Pelech.
16:20 of 3rd period - Stopped by Jake Allen without a rebound.
16:21 of 3rd period - Gabriel Vilardi wins face-off versus Ryan Donato in NEW JERSEY Devils zone.
16:27 of 3rd period - Icing by Adam Boqvist.
16:28 of 3rd period - Ryan Donato wins face-off versus Jordan Staal in NEW JERSEY Devils zone.
17:23 of 3rd period - Icing by Nate Schmidt.
17:24 of 3rd period - Evgeni Malkin wins face-off versus Jack Hughes in PITTSBURGH Penguins zone.
17:58 of 3rd period - Nate Schmidt is hit by Jack Hughes and loses puck.
18:07 of 3rd period - PITTSBURGH Penguins, Cam Talbot is pulled from the net.
18:34 of 3rd period - Icing by James van Riemsdyk.
18:35 of 3rd period - Jordan Staal wins face-off versus James van Riemsdyk in NEW JERSEY Devils zone.
19:18 of 3rd period - Shot by Jordan Staal.
19:18 of 3rd period - Shot Misses the Net.
19:20 of 3rd period - Shot by Jason Robertson.
19:20 of 3rd period - Deflect By Jordan Staal.
19:20 of 3rd period - Stopped by Jake Allen without a rebound.
19:21 of 3rd period - Andreas Athanasiou wins face-off versus Jordan Staal in NEW JERSEY Devils zone.
19:45 of 3rd period - Jason Robertson is hit by Oskar Lindblom and loses puck.
19:50 of 3rd period - Jason Robertson is hit by Ryan Donato and loses puck.
19:57 of 3rd period - Shot by Adam Boqvist.
19:57 of 3rd period - Goal by Adam Boqvist - PITTSBURGH Penguins : 3 - NEW JERSEY Devils : 5.
19:57 of 3rd period - Cam Talbot from PITTSBURGH Penguins was sent back in the game.
19:58 of 3rd period - Thomas Novak wins face-off versus Barclay Goodrow in neutral zone.
Goals for this period are 0 for PITTSBURGH Penguins vs 2 for NEW JERSEY Devils.
Shots for this period are 12 for PITTSBURGH Penguins vs 10 for NEW JERSEY Devils. Output by the SimonT Hockey Simulator (STHS) for Martin Benoit - Original Page W3C HTML5 Valid
Hockey Simulator - Hockey Simulation - Hockey Manager